 Dungeon Crawl Stone Soup version 0.30-a0-916-g9813417 (webtiles) character file.

Game seed: 5541696404291924175

14897 Nithhogg the Severer (level 12, -4/110 HPs)
             Began as a Hill Orc Fighter on Mar 23, 2023.
             Was a Priest of Qazlal.
             Slain by an orc knight
             ... wielding a +0 battleaxe
              (22 damage)
             ... on level 2 of the Orcish Mines.
             The game lasted 00:33:08 (13990 turns).

Nithhogg the Severer (Hill Orc Fighter)            Turns: 13990, Time: 00:33:09

Health: -4/110     AC: 26    Str: 24    XL:     12   Next: 21%
Magic:  15/20      EV:  7    Int:  8    God:    Qazlal [***...]
Gold:   494        SH:  4    Dex: 13    Spells: 11/11 levels left

rFire   x x .      SeeInvis .    a - +0 war axe (drain)
rCold   . . .      Faith    .    (no shield)
rNeg    + . .      Spirit   .    w - +0 plate armour of Ninorraw {Dex+3}
rPois   +          Reflect  .    (no helmet)
rElec   .          Rampage  .    (no cloak)
rCorr   .                        (no gloves)
Will    .....                    S - +2 pair of boots Stlth
                                 A - amulet of Elemental Vulnerability {rPois rF-- rC-- AC+8}
HPRegen 0.38/turn                n - +4 ring of slaying
MPRegen 0.17/turn                T - ring "Baqomuet" {+Blink Fly rC++ rN+}

@: flying, studying Translocations
A: no striking features
a: Renounce Religion, Convert to Beogh, Evoke Blink, Upheaval, Elemental Force


You were on level 2 of the Orcish Mines.
You worshipped Qazlal.
Qazlal was most pleased with you.
You visited 3 branches of the dungeon, and saw 14 of its levels.

You collected 1987 gold pieces.
You spent 1493 gold pieces at shops.

Inventory:

Hand Weapons
 a - a +0 war axe of draining (weapon)
 e - a +2 spear of venom
 E - the +8 spear "Ypiosch" {pain, rElec rC+}
   (You took it off a gnoll sergeant on level 5 of the Dungeon)

   rC:        It protects you from cold.
   rElec:     It insulates you from electricity.
 R - a +2 mace of protection
 X - a +0 hand axe of venom
Missiles
 D - 2 throwing nets (quivered)
Armour
 b - a +0 scale mail
 c - a +0 buckler
 w - the +0 plate armour of Ninorraw (worn) {Dex+3}
   (You bought it in a shop on level 10 of the Dungeon)

   Dex:       It affects your dexterity (+3).
 F - the +1 scale mail "Joaqum" {rF+ rC+ Int+3}
   (You took it off a gnoll sergeant on level 5 of the Dungeon)

   Int:       It affects your intelligence (+3).
   rF:        It protects you from fire.
   rC:        It protects you from cold.
 I - the +4 ring mail of Uskayaw's Delight {rC- MP+9 Dex+2}
   (You found it on level 6 of the Dungeon)

   Dex:       It affects your dexterity (+2).
   rC:        It makes you vulnerable to cold.
   MP:        It affects your magic capacity (+9).
 S - a +2 pair of boots (worn)
Jewellery
 h - an amulet of magic regeneration
 n - a +4 ring of slaying (left hand)
 s - an amulet of regeneration
 u - a +6 ring of dexterity
 y - an amulet of guardian spirit
 z - the amulet of Qakurhay {Reflect rC+ SH+5 Stlth+}
   (You took it off a gnoll bouda on level 5 of the Dungeon)

   [amulet of reflection]

   It reflects blocked missile attacks.
   rC:        It protects you from cold.
   SH:        It affects your SH (+5).
   Stlth:     It makes you more stealthy.
 A - the amulet of Elemental Vulnerability (around neck) {rPois rF-- rC-- AC+8}
   (You found it on level 6 of the Dungeon)

   [amulet of nothing]

   AC:        It affects your AC (+8).
   rF:        It makes you very vulnerable to fire.
   rC:        It makes you very vulnerable to cold.
   rPois:     It protects you from poison.
 J - a ring of poison resistance
 Q - a ring of see invisible
 T - the ring "Baqomuet" (right hand) {+Blink Fly rC++ rN+}
   (You acquired it on level 8 of the Dungeon)

   [ring of positive energy]

   rC:        It greatly protects you from cold.
   rN:        It protects you from negative energy.
   Fly:       It grants you flight.
   +Blink:    It lets you blink.
Wands
 B - a wand of digging (4)
 C - a wand of flame (47)
 G - a wand of polymorph (13)
 L - a wand of paralysis (8)
 M - a wand of roots (14)
Scrolls
 i - 3 scrolls of magic mapping
 k - a scroll of amnesia
 l - 2 scrolls of silence
 m - 4 scrolls of teleportation
 o - 6 scrolls of enchant weapon
 p - a scroll of enchant armour
 r - a scroll of torment
 x - 3 scrolls of fear
 H - 2 scrolls of fog
 U - a scroll of noise {unknown}
 W - a scroll of immolation {unknown}
Potions
 d - a potion of magic
 f - 4 potions of heal wounds {unknown}
 g - 3 potions of curing {unknown}
 j - 3 potions of brilliance {unknown}
 q - 2 potions of haste {unknown}
 t - a potion of might
 v - 6 potions of degeneration {unknown}
 K - 3 potions of berserk rage {unknown}
 N - 3 potions of flight {unknown}
 O - 3 potions of mutation {unknown}
 P - a potion of ambrosia {unknown}
 V - a potion of attraction {unknown}


   Skills:
 + Level 11.1 Fighting
 * Level 16.0 Axes
 + Level 10.2 Armour
 - Level 3.2 Shields
 + Level 11.3 Invocations


You had 11 spell levels left.
You didn't know any spells.
Your spell library contained the following spells:

 Spells                   Type           Power      Damage    Failure   Level
 Apportation              Tloc           0%         N/A       99%         1
 Summon Small Mammal      Summ           0%         N/A       99%         1
 Ensorcelled Hibernation  Hex/Ice        0%         N/A       100%        2
 Call Canine Familiar     Summ           0%         N/A       100%        3
 Ignite Poison            Fire/Tmut/Pois 0%         N/A       100%        3
 Ozocubu's Armour         Ice            0%         N/A       100%        3
 Portal Projectile        Hex/Tloc       0%         N/A       100%        3
 Spider Form              Tmut/Pois      0%         N/A       100%        3
 Stone Arrow              Conj/Erth      0%         3d7       100%        3
 Summon Guardian Golem    Hex/Summ       0%         N/A       100%        3
 Tukima's Dance           Hex            0%         N/A       100%        3
 Anguish                  Hex/Necr       0%         N/A       100%        4
 Animate Armour           Summ/Erth      0%         N/A       100%        4
 Sticky Flame             Conj/Fire      0%         2d3       100%        4
 Alistair's Intoxication  Tmut/Pois      0%         N/A       100%        5
 Blade Hands              Tmut           0%         N/A       100%        5
 Enfeeble                 Hex            0%         N/A       100%        7
 Ozocubu's Refrigeration  Ice            0%         4d7       100%        7
 Ignition                 Fire           0%         3d3       100%        8
 Lehudib's Crystal Spear  Conj/Erth      0%         10d2      100%        8


Dungeon Overview and Level Annotations

Branches:
Dungeon (11/15)            Temple (1/1) D:7            Lair (0/5) D:8
    Orc (2/2) D:9             Elf (0/3) Orc:2

Altars:
Ashenzari
Cheibriados
Dithmenos
Elyvilon
Fedhas
Gozag
Hepliaklqana
Kikubaaqudgha
Makhleb
Nemelex Xobeh
Okawaru
Qazlal
Ru
Sif Muna
Trog
Uskayaw
Vehumet
Wu Jian
Xom
Yredelemnul
Zin
The Shining One
Beogh

Shops:
D:3 *   D:7 :   D:8 ?(   D:10 [*


Message History

Really read the scroll of torment? [Y]es or [N]o only, please.
Really read the scroll of torment? [Y]es or [N]o only, please.
Really read the scroll of torment? [Y]es or [N]o only, please.
Really read the scroll of torment? [Y]es or [N]o only, please.
Really read the scroll of torment? [Y]es or [N]o only, please.
Really read the scroll of torment? [Y]es or [N]o only, please.
Really read the scroll of torment? [Y]es or [N]o only, please.
Really read the scroll of torment? [Y]es or [N]o only, please.
Really read the scroll of torment?
Okay, then.
Welcome back, Nithhogg the Hill Orc Fighter.
Qazlal says: Let the forces of nature tear it all down!
Press ? for a list of commands and other information.
Welcome back, Nithhogg the Hill Orc Fighter.
Qazlal says: Let the forces of nature tear it all down!
Press ? for a list of commands and other information.
Okay, then.
Okay, then.
Activating: Elemental Force (0% risk of failure)
Press: ? - help, Dir - look around, f - activate Clouds arounds you coalesce and take form!
The storm surrounding you is now too weak to repel missiles.
You will no longer adapt resistances upon receiving elemental damage.
The soul eater hits your water elemental!
The ynoxinul barely misses your water elemental.
You block the ice devil's attack.
The orc warrior hits you from afar with a +0 trident.
The orc warlord hits you with a +0 battleaxe!!
* * * LOW HITPOINT WARNING * * *
The orc knight is engulfed in freezing vapours.
The orc knight hits you with a +0 battleaxe!!
You die...

............#.#.....##.#..##
[.........####.............#
...........##...8.8.......##
.........................##
..............##')'##...##
............###.)...###..###
...........## #8.EE8#
##.#.## ....#......# ##[oE##
#....# .......#...# #@4.#
#...## ...........#..oooo.+
#...# ...........#...#5oo#
#..## ...........#####o8E#
#...# ...........# #{33#
#..## ...........#


'oo5o #.## ...........# #...#. #.# #[##.......## #...#####.# ...##....#..# #..#
You could see an orc warlord (strong, drained), an orc knight (strong), a soul
eater (summoned), an ice devil (summoned, ally target), a ynoxinul (summoned),
an orc sorcerer (strong, ally target), 3 orc warriors, an orc priest (strong),
an orc wizard (strong), 3 orcs, 2 ufetubi, 3 friendly water elementals and a
friendly fire elemental (summoned).

Vanquished Creatures
  Erolcha (D:9)
  2 two-headed ogres
  A boulder beetle (D:11)
  Pikel (D:6)
  An orc sorcerer (Orc:1)
  A cyclops (D:11)
  The ghost of steven32 the Cutter, a novice VSAr of Uskayaw (D:5)
  A komodo dragon (D:8)
  A troll (D:11)
  The ghost of steven32 the Shooter, an amateur FoHs of Lugonu (D:4)
  2 wraiths (D:11)
  A vampire (D:10)
  3 hogs (D:7)
  A wyvern (D:11)
  11 yaks
  A human (D:7)
  3 vampire mosquitoes (D:10)
  A warg (Orc:1)
  Duvessa (D:4)
  5 water moccasins
  3 black bears
  14 orc warriors
  A sky beast (D:6)
  2 ice beasts
  5 ogres
  10 centaurs
  2 lemures (D:6)
  4 kobold brigands
  6 bullfrogs
  4 gnoll sergeants
  A scorpion (D:6)
  Dowan (D:4)
  15 killer bees
  3 howler monkeys
  2 jellies
  2 hounds (D:6)
  10 orc priests
  Crazy Yiuf (D:7)
  2 gnoll boudas
  3 iguanas
  2 sleepcaps
  21 orc wizards
  18 gnolls
  6 adders
  A white imp (D:6)
  2 ufetubi
  A dart slug (D:1)
  48 orcs
  4 ball pythons
  10 endoplasms
  3 giant cockroaches
  4 goblins
  5 hobgoblins
  20 kobolds
  4 quokkas
  17 bats
  9 frilled lizards
  6 rats
312 creatures vanquished.

Vanquished Creatures (others)
  An orc priest (Orc:2)
  34 fungi (D:8)
  23 plants
58 creatures vanquished.

Grand Total: 370 creatures vanquished

Notes
Turn   | Place    | Note
-------+----------+-------------------------------------------
     0 | D:1      | Nithhogg the Hill Orc Fighter began the quest for the Orb.
     0 | D:1      | Reached XP level 1. HP: 19/19 MP: 1/1
   121 | D:1      | Reached skill level 3 in Axes
   130 | D:1      | Reached XP level 2. HP: 27/27 MP: 2/2
   135 | D:1      | Reached skill level 1 in Invocations
   528 | D:1      | Reached XP level 3. HP: 31/33 MP: 3/3
   592 | D:1      | Found a faded altar of an unknown god.
  1071 | D:2      | You fall into a shaft and drop 2 floors!
  1127 | D:4      | Found a large runed translucent door.
  1128 | D:4      | Found a large runed translucent door.
  1133 | D:4      | Noticed steven32's ghost (amateur FoHs)
  1175 | D:4      | Reached skill level 4 in Axes
  1175 | D:4      | Reached XP level 4. HP: 40/40 MP: 5/5
  1420 | D:3      | Found an iron altar of Okawaru.
  1425 | D:3      | Found a radiant altar of Vehumet.
  1425 | D:3      | Found a shimmering altar of Xom.
  1436 | D:3      | Found a sparkling altar of Nemelex Xobeh.
  1439 | D:3      | Found an ornate altar of the Wu Jian Council.
  1601 | D:2      | Found an ornate altar of the Wu Jian Council.
  1753 | D:3      | Found Gemubiz's Assorted Antiques.
  1758 | D:3      | Bought a scroll labelled PANUT TAGU for 23 gold pieces
  1758 | D:3      | Bought a murky black potion for 20 gold pieces
  1758 | D:3      | Bought a scroll labelled ILLIKE DEYR for 23 gold pieces
  1758 | D:3      | Bought a scroll labelled ILLIKE DEYR for 23 gold pieces
  1988 | D:3      | Reached XP level 5. HP: 47/47 MP: 6/6
  2368 | D:4      | Noticed Dowan
  2369 | D:4      | Noticed Duvessa
  2380 | D:4      | Killed Duvessa
  2381 | D:4      | Reached skill level 5 in Axes
  2381 | D:4      | Reached XP level 6. HP: 26/53 MP: 6/8
  2383 | D:4      | Noticed a black bear
  2495 | D:4      | Killed Dowan
  2501 | D:4      | Killed a black bear
  2502 | D:4      | Reached skill level 5 in Fighting
  2502 | D:4      | Reached skill level 6 in Axes
  2846 | D:5      | Entered Level 5 of the Dungeon
  2884 | D:5      | Found a transporter.
  2886 | D:5      | Found a transporter.
  2888 | D:5      | Identified the +8 spear "Ypiosch" {pain, rElec rC+}
  2888 | D:5      | Identified the +1 scale mail "Joaqum" {rF+ rC+ Int+3}
  2917 | D:5      | Noticed an ice beast
  2924 | D:5      | Killed an ice beast
  2925 | D:5      | Reached XP level 7. HP: 35/61 MP: 8/10
  3182 | D:5      | Reached skill level 5 in Armour
  3215 | D:5      | Identified the amulet of Qakurhay {Reflect rC+ SH+5 Stlth+}
  3230 | D:5      | Noticed steven32's ghost (novice VSAr)
  3670 | D:5      | Reached skill level 7 in Axes
  3752 | D:6      | Found the amulet of Elemental Vulnerability {rPois rF--
                  | rC-- AC+8}
  3843 | D:5      | Killed steven32's ghost
  3844 | D:5      | Reached skill level 8 in Axes
  3844 | D:5      | Reached skill level 5 in Invocations
  3844 | D:5      | Reached XP level 8. HP: 70/70 MP: 10/12
  3999 | D:4      | Killed steven32's ghost
  4000 | D:4      | Reached skill level 9 in Axes
  4076 | D:6      | Identified the +4 ring mail of Uskayaw's Delight {rC- MP+9
                  | Dex+2}
  4159 | D:6      | Reached XP level 9. HP: 78/78 MP: 13/13
  4236 | D:6      | Reached skill level 10 in Axes
  4419 | D:6      | Identified the +0 robe of the True Pharaoh {rN+}
  4980 | D:7      | Noticed Pikel
  4995 | D:6      | Killed Pikel
  4996 | D:6      | Reached skill level 11 in Axes
  5466 | D:7      | Found a staircase to the Ecumenical Temple.
  5473 | D:7      | Paralysed by an orc for 5 turns
  5486 | Temple   | Entered the Ecumenical Temple
  5503 | Temple   | Became a worshipper of Qazlal Stormbringer
  5780 | D:7      | Found Luobb's Book Boutique.
  5887 | D:7      | Reached XP level 10. HP: 65/88 MP: 14/16
  5892 | D:7      | Reached skill level 12 in Axes
  6195 | D:7      | Found a runed translucent door.
  6196 | D:7      | Noticed Crazy Yiuf
  6203 | D:7      | Killed Crazy Yiuf
  6507 | D:8      | Found The Oracle's Delphic Readings.
  6765 | D:8      | Reached * piety under Qazlal
  6860 | D:8      | Reached skill level 13 in Axes
  7004 | D:8      | Found a staircase to the Lair.
  7199 | D:8      | Found Rozitaec's Antique Weapon Shop.
  7430 | D:9      | Noticed Erolcha
  7590 | D:9      | Killed Erolcha
  7787 | D:9      | Reached XP level 11. HP: 97/97 MP: 18/18
  7970 | D:9      | Found a broken altar of Ashenzari.
  8003 | D:9      | Noticed a two-headed ogre
  8008 | D:9      | Killed a two-headed ogre
  8009 | D:9      | Reached skill level 14 in Axes
  8163 | D:9      | Reached ** piety under Qazlal
  8204 | D:9      | Reached skill level 10 in Invocations
  8214 | D:9      | Reached skill level 10 in Fighting
  8572 | D:9      | Found a staircase to the Orcish Mines.
  8836 | D:10     | Entered Level 10 of the Dungeon
  8842 | D:10     | Noticed a two-headed ogre
  9249 | D:10     | Killed a two-headed ogre
  9563 | D:10     | Found an opulent altar of Gozag.
  9567 | D:10     | Found Gozag's Platinum Reserve.
  9697 | D:10     | Found Niatzefa's Antique Armour Shop.
 10841 | D:11     | Reached skill level 15 in Axes
 11521 | D:11     | Noticed a boulder beetle
 11637 | D:11     | Noticed a cyclops
 11647 | D:11     | Killed a cyclops
 11720 | D:11     | Killed a boulder beetle
 12002 | D:11     | Reached skill level 10 in Armour
 12229 | Orc:1    | Entered Level 1 of the Orcish Mines
 12229 | Orc:1    | Noticed an orc sorcerer
 12234 | Orc:1    | Killed an orc sorcerer
 12235 | Orc:1    | Reached XP level 12. HP: 84/108 MP: 20/20
 12246 | Orc:1    | Reached *** piety under Qazlal
 12277 | Orc:1    | Identified a scroll of acquirement
 12279 | Orc:1    | Acquired 597 gold pieces
 12385 | D:10     | Bought a bloodstained plate armour for 728 gold pieces
 12385 | D:10     | Identified the +0 plate armour of Ninorraw {Dex+3} (You
                  | bought it in a shop on level 10 of the Dungeon)
 13359 | D:8      | Bought a scroll of acquirement for 676 gold pieces
 13359 | D:8      | Acquired the ring "Baqomuet" {+Blink Fly rC++ rN+}
 13610 | Orc:2    | Entered Level 2 of the Orcish Mines
 13720 | Orc:2    | Found a staircase to the Elven Halls.
 13907 | Orc:2    | Found a roughly hewn altar of Beogh.
 13973 | Orc:2    | Noticed an orc warlord
 13979 | Orc:2    | Noticed a soul eater
 13982 | Orc:2    | Reached skill level 16 in Axes
 13985 | Orc:2    | Reached **** piety under Qazlal
 13990 | Orc:2    | Slain by an orc knight

Illustrated notes

Levels and vault maps discovered:
D:1:      dpeg_arrival_pond, layout_loops_ring,
          shapermc_ecumenical_altar_notcrosses
D:2:      layout_rooms, basic_altar
D:3:      layout_basic, minmay_overflow_temple_star_hex, serial_shops,
          nicolae_shop_hallway_stairs
D:4:      layout_rooms, ebering_ghost_disaster_area, minmay_misc_feat_columns,
          chequers_jeans, chequers_mini_garden, uniq_duvessa
D:5:      layout_loops_corners, gammafunk_ghost_gnarly_gnolls,
          minmay_tree_intersection, hangedman_decor_lopped
D:6:      layout_cave_pools, kennysheep_generic_room_6
D:7:      layout_rooms, minmay_temple_entry_stoned_glass, serial_shops,
          nicolae_shop_behind_doors, roderic_batcave, grunt_livestock,
          uniq_crazy_yiuf_cottage, uniq_pikel
D:8:      layout_loops_corners, due_lair_maze_entry_diamond, serial_shops, shop,
          nicolae_nh_oracle_at_delphi
D:9:      layout_stronghold, kennysheep_mini_moat, david_orc_4, uniq_erolcha
D:10:     layout_layer_cave, nicolae_gozag_zags_fifth_avenue, serial_shops,
          nicolae_shop_waterfront, nrook_uturn
D:11:     layout_stronghold, mumra_transporter_accident
Temple:   hellmonk_temple_two_chambers
Orc:1:    layout_diamond_mine
Orc:2:    grunt_orc_community_town_hall, layout_caves,
          grunt_orc_community_big_house_1, grunt_orc_community_big_house_1,
          grunt_orc_community_house_2, grunt_orc_community_house_3,
          grunt_orc_community_house_2, grunt_orc_community_house_2,
          serial_shops, shop, minmay_orc_barracks

Skill      XL: |  1  2  3  4  5  6  7  8  9 10 11 12 |
---------------+-------------------------------------+-----
Axes           | 3 4 5 6 8 9 11 13 15 16 | 16.0
Invocations    | 1 2 3 4 5 6 8 9 11 | 11.3
Fighting       | 4 5 6 8 9 10 11 | 11.1
Armour         | 4 5 6 7 8 10 | 10.2
Shields        | |  3.2

Action                     |  1- 3 |  4- 6 |  7- 9 | 10-12 || total
---------------------------+-------+-------+-------+-------++-------
  Melee: War axe           |   108 |    84 |   113 |   492 ||   797
         Punch             |     2 |       |     5 |     9 ||    16
         Spear             |       |       |    66 |       ||    66
  Throw: Throwing net      |       |       |       |     1 ||     1
 Invoke: Elemental Force   |       |       |       |     1 ||     1
    Use: Potion            |       |     1 |     2 |       ||     3
         Scroll            |       |     5 |     4 |     9 ||    18
   Stab: Invisible         |       |       |     5 |       ||     5
 Armour: Scale mail        |    76 |    44 |   149 |   231 ||   500
         Plate armour      |       |       |       |    46 ||    46
  Dodge: Dodged            |    67 |    55 |   151 |   225 ||   498
  Block: Other             |       |       |       |    48 ||    48

Table legend: (Time is in decaauts)
 A = Elapsed time spent in this place.
 B = Non-inter-level travel time spent in this place.
 C = Inter-level travel time spent in this place.
 D = Time resting spent in this place.
 E = Time spent auto-exploring this place.
 F = Levels seen in this place.
 G = Mean time per level.
                   A        B        C        D        E       F      G
               +--------+--------+--------+--------+--------+-----+--------+
         Total |  13978 |  12374 |   1604 |   1439 |   8914 |  14 |  998.4 |
       Dungeon |  13111 |  11568 |   1543 |   1439 |   8329 |  11 | 1191.9 |
        Temple |     26 |     26 |      0 |      0 |     10 |   1 |   26.0 |
  Orcish Mines |    840 |    780 |     60 |      0 |    575 |   2 |  420.0 |
               +--------+--------+--------+--------+--------+-----+--------+

Top non-repeatable levels by time:
     D:9: 2451 daAuts
     D:8: 1534 daAuts
    D:10: 1467 daAuts
    D:11: 1352 daAuts
     D:6: 1340 daAuts
     D:5: 1102 daAuts
     D:3: 1033 daAuts
     D:7: 898 daAuts
     D:1: 821 daAuts
     D:4: 627 daAuts
     D:2: 481 daAuts
   Orc:1: 473 daAuts
   Orc:2: 366 daAuts
  Temple: 26 daAuts
